 Dungeon Crawl Stone Soup version 0.32-a0-593-g85ff8e36a1 (webtiles) character file.

Game seed: 8560645852089641824

222 pokeman the Magician (level 5, -2/29 HPs)
             Began as a Deep Elf Hedge Wizard on Mar 1, 2024.
             Slain by a gnoll sergeant
             ... wielding a +2 spear of flaming
              (11 damage)
             ... on level 4 of the Dungeon on Mar 2, 2024.
             The game lasted 00:08:56 (3916 turns).

pokeman the Magician (Deep Elf Hedge Wizard)        Turns: 3916, Time: 00:08:57

Health: -2/29      AC:  3    Str:  7    XL:     5   Next: 66%
Magic:  3/16       EV: 13    Int: 21    God:
Gold:   280        SH:  0    Dex: 14    Spells: 9/17 levels left

rFire   . . .        a - +0 dagger
rCold   . . .        (no shield)
rNeg    . . .        b - +0 robe
rPois   .            c - +0 hat
rElec   .            n - +0 cloak
rCorr   .            (no gloves)
SInv    .            (no boots)
Will    .....        t - amulet of the acrobat
Stlth   ++           f - ring of wizardry
HPRegen 0.24/turn    (no ring)
MPRegen 0.15/turn

%: acrobat, wizardry (x1)
@: no status effects
A: no striking features
a: no special abilities


You were on level 4 of the Dungeon.
You visited 1 branch of the dungeon, and saw 4 of its levels.

You collected 280 gold pieces.

Inventory:

Hand Weapons
 a - a +0 dagger (weapon)
Armour
 b - a +0 robe (worn)
 c - a +0 hat (worn)
 n - a +0 cloak (worn)
Jewellery
 f - a ring of wizardry (left hand)
 t - an amulet of the acrobat (around neck)
Scrolls
 e - 2 scrolls of poison {unknown}
 g - a scroll of noise {unknown}
 j - 3 scrolls of identify {unknown}
 l - a scroll of amnesia {unknown}
 m - a scroll of blinking {unknown}
 q - 2 scrolls of immolation {unknown}
 v - a scroll of teleportation {unknown}
Potions
 d - a potion of magic
 h - 2 potions of haste {unknown}
 i - 4 potions of curing {unknown}
 k - 2 potions of heal wounds {unknown}
 o - 2 potions of attraction {unknown}
 p - a potion of ambrosia {unknown}
 r - 2 potions of invisibility {unknown}
 s - 2 potions of enlightenment {unknown}
 u - a potion of cancellation {unknown}


   Skills:
 - Level 1.0 Fighting
 - Level 1.0 Armour
 - Level 3.1 Dodging
 - Level 3.1 Stealth
 * Level 6.5 Spellcasting
 + Level 2.8 Conjurations
 - Level 1.1 Summonings
 - Level 1.1 Translocations
 + Level 0.9 Air Magic
 + Level 0.8 Alchemy


You had 9 spell levels left.
You knew the following spells:

 Your Spells              Type           Power      Damage    Failure   Level
a - Magic Dart            Conj           72%        1d6       1%          1
b - Mephitic Cloud        Conj/Alch/Air  13%        N/A       6%          3
c - Call Imp              Summ           22%        N/A       3%          2
d - Blink                 Tloc           22%        N/A       3%          2

Your spell library contained the following spells:

 Spells                   Type           Power      Damage    Failure   Level
 Slow                     Hex            24%        N/A       4%          1
 Cigotuvi's Dreadful Rot  Necr/Alch/Air  18%        N/A       4%          2


Dungeon Overview and Level Annotations

Branches:
Dungeon (4/15)
 Temple: D:4-7

Altars:
Cheibriados
Elyvilon
Kikubaaqudgha
Okawaru
Sif Muna
Trog


Message History

The gnoll is engulfed in noxious fumes.
The gnoll appears confused.
Unknown command.
You hit the gnoll.
The gnoll is moderately wounded.
Unknown command.
You barely miss the gnoll sergeant.
The gnoll sergeant is heavily wounded.
The gnoll sergeant hits you with a +2 spear of flaming!
The gnoll sergeant burns you.
* * * LOW HITPOINT WARNING * * *
The gnoll asks, "Who are you?"
Unknown command.
The gnoll sergeant mumbles something.
Casting: Mephitic Cloud (quite dangerous; 6% risk of failure)
Confirm with . or Enter, or press ? or * to list all spells.
Aiming: Magic Dart (safe; 1% risk of failure)
Press: ? - help, Shift-Dir - straight line, f - hobgoblin, p - gnoll
Aim: a hobgoblin (100% to hit)
The magic dart hits the hobgoblin.
The hobgoblin is moderately wounded.
Unknown command.
Casting: Magic Dart (safe; 1% risk of failure)
Confirm with . or Enter, or press ? or * to list all spells.
Aiming: Magic Dart (safe; 1% risk of failure)
Press: ? - help, Shift-Dir - straight line, f/p - hobgoblin
Aim: a hobgoblin (moderately wounded, 100% to hit)
The magic dart hits the hobgoblin but does no damage.
The hobgoblin is moderately wounded.
The hobgoblin closely misses you.
The gnoll sergeant ponders the situation.
Casting: Magic Dart (safe; 1% risk of failure)
Confirm with . or Enter, or press ? or * to list all spells.
Aiming: Magic Dart (safe; 1% risk of failure)
Press: ? - help, Shift-Dir - straight line, f/p - hobgoblin
Aim: a hobgoblin (moderately wounded, 100% to hit)
The magic dart hits the hobgoblin.
The hobgoblin is heavily wounded.
The hobgoblin hits you but does no damage.
The gnoll sergeant hits you with a +2 spear of flaming!
You die...

########..#.......#...#
#..#.......#.### ##.##.....##.#
#########.####.####.#
....................#
..........#.#.....#.#
............##......#
..........#..#....###
..........#..#..@.###### g
...########..#..gg.....# g.
####.....##..#.......).# (.g
.........##..#.........# ....
.............#.........#####.....
..###'#####..##'##.g.............
..##.....##......#...............
####.............######..........
#.................. #..........


You could see a gnoll sergeant (confused), a gnoll (confused) and a hobgoblin.

Vanquished Creatures
  A bombardier beetle (D:3)
  A hound (D:4)
  An iguana (D:4)
  2 gnolls (D:4)
  3 adders
  A ribbon worm (D:3)
  2 orcs (D:3)
  4 ball pythons
  9 bats
  7 endoplasms
  4 giant cockroaches
  8 goblins
  8 hobgoblins
  6 jackals (D:1)
  4 quokkas
  A frilled lizard (D:2)
  10 kobolds
  4 rats
76 creatures vanquished.

Notes
Turn   | Place    | Note
-------+----------+-------------------------------------------
     0 | D:1      | pokeman the Deep Elf Hedge Wizard began the quest for the
                  | Orb.
     0 | D:1      | Reached XP level 1. HP: 10/10 MP: 7/7
   303 | D:1      | Reached XP level 2. HP: 16/16 MP: 6/9
   666 | D:1      | Reached skill level 5 in Spellcasting
   855 | D:1      | Reached XP level 3. HP: 20/20 MP: 7/11
   859 | D:1      | Learned a level 3 spell: Mephitic Cloud
   862 | D:1      | Learned a level 2 spell: Blink
   865 | D:1      | Learned a level 2 spell: Call Imp
  1491 | D:2      | Reached skill level 1 in Fighting
  1860 | D:2      | Reached skill level 1 in Armour
  2336 | D:3      | Reached XP level 4. HP: 21/25 MP: 4/13
  3345 | D:3      | Found a bloodstained altar of Trog.
  3345 | D:3      | Found an ancient bone altar of Kikubaaqudgha.
  3346 | D:3      | Found a snail-covered altar of Cheibriados.
  3348 | D:3      | Found an iron altar of Okawaru.
  3350 | D:3      | Found a white marble altar of Elyvilon.
  3445 | D:4      | Reached skill level 6 in Spellcasting
  3452 | D:4      | Reached XP level 5. HP: 24/29 MP: 5/15
  3660 | D:4      | Found a shimmering blue altar of Sif Muna.
  3891 | D:4      | Upgraded the game from 0.32-a0-576-g706899e69d to
                  | 0.32-a0-593-g85ff8e36a1
  3916 | D:4      | Slain by a gnoll sergeant

Illustrated notes

Levels and vault maps discovered:
D:1:      dpeg_arrival_lava_altar, layout_loops_ring, serial_aquarium,
          aquarium_bridge_square [aquarium_subvault_balcony,
          aquarium_subvault_bridge, aquarium_subvault_wall,
          aquarium_subvault_bridge], aquarium_bridge_square
          [aquarium_subvault_balcony, aquarium_subvault_bridge,
          aquarium_subvault_wall, aquarium_subvault_bridge],
          aquarium_window_corner, aquarium_window_1, aquarium_view_2d,
          aquarium_balcony_5b, aquarium_pool_split, minmay_tree_intersection
D:2:      layout_basic
D:3:      layout_rooms, minitemple, grunt_ministairs_6, nicolae_hexahallways,
          st_stairs_1
D:4:      layout_gridville, mainiacjoe_overflow_six_doors_small,
          kennysheep_little_box, old_standard_altar, minmay_strange_pillars,
          grunt_decor_one_mirror

Skill      XL: |  1  2  3  4 |
---------------+-------------+-----
Spellcasting   | 5 6 |  6.5
Fighting       | 1 |  1.0
Armour         | 1 |  1.0
Conjurations   | 2 |  2.8
Dodging        | 3 |  3.1
Stealth        | 3 |  3.1
Summonings     | |  1.1
Translocations | |  1.1
Air Magic      | |  0.9
Alchemy        | |  0.8

Action                     |  1- 3 |  4- 6 || total
---------------------------+-------+-------++-------
  Melee: Dagger            |    42 |    14 ||    56
   Cast: Magic Dart        |   115 |    92 ||   207
         Mephitic Cloud    |     1 |     3 ||     4
         Call Imp          |       |     1 ||     1
   Stab: Confused          |     1 |       ||     1
 Armour: Robe              |    27 |    19 ||    46
  Dodge: Dodged            |    41 |    20 ||    61

Table legend: (Time is in decaauts)
 A = Elapsed time spent in this place.
 B = Non-inter-level travel time spent in this place.
 C = Inter-level travel time spent in this place.
 D = Time resting spent in this place.
 E = Time spent auto-exploring this place.
 F = Levels seen in this place.
 G = Mean time per level.
                   A        B        C        D        E       F      G
               +--------+--------+--------+--------+--------+-----+--------+
         Total |   3914 |   3822 |     92 |     18 |   3356 |   4 |  978.5 |
       Dungeon |   3914 |   3822 |     92 |     18 |   3356 |   4 |  978.5 |
               +--------+--------+--------+--------+--------+-----+--------+

Top non-repeatable levels by time:
     D:1: 1424 daAuts
     D:3: 1135 daAuts
     D:2: 880 daAuts
     D:4: 473 daAuts
